 Dungeon Crawl Stone Soup version 0.23.2-33-g5129a83184 (webtiles) character file.

Game seed: 9675370228700474542

97430 HEYYEYAAE the Bludgeoner (level 15, -3/223 HPs)
             Began as a Troll Berserker on July 3, 2019.
             Was the Champion of Trog.
             Slain by a water moccasin (6 damage)
             ... on level 5 of the Lair of Beasts.
             The game lasted 00:31:16 (16671 turns).

HEYYEYAAE the Bludgeoner (Troll Berserker)         Turns: 16671, Time: 00:31:16

Health: -3/223     AC: 10    Str: 45    XL:     15   Next: 72%
Magic:  23/23      EV: 10    Int: 13    God:    Trog [******]
Gold:   1090       SH:  0    Dex:  4    Spells: 14/14 levels left

rFire    + + .     SeeInvis .   M - +10 flail of Poirar {elec, +Fly rElec Int+6 Stlth-}
rCold    . . .     Gourm    +   (no shield)
rNeg     + + .     Faith    .   B - +0 steam dragon scales of the Endless Expanse {Slay+5}
rPois    .         Spirit   .   b - +0 hat
rElec    +         Reflect  .   u - +0 cloak
rCorr    .         Harm     .   (gloves unavailable)
MR       +++..                  (boots unavailable)
Stlth    ..........             E - amulet "Gigest" {RegenMP rElec rF+ rN+ MR+}
HPRegen  0.87/turn              H - ring "Rokhaz" {rN+ MR+ MP+9 Stlth-}
MPRegen  0.43/turn              I - ring "Ciuddakhle" {+Blink rF+ Str+6 Int+4 Dex-5}

@: berserking, lethally poisoned (-3 -> -14), slowed, lightly drained
A: large, unfitting armour, claws 3, fast metabolism 3, gourmand, regeneration
1, shaggy fur 1, tough skin 3
a: Berserk, Trog's Hand, Brothers in Arms, Renounce Religion, Evoke Blink, Evoke
Flight


You were on level 5 of the Lair of Beasts.
You worshipped Trog.
Trog was exalted by your worship.
You were very full.

You visited 2 branches of the dungeon, and saw 19 of its levels.
You also visited: Bailey and Volcano.

You collected 2145 gold pieces.
You spent 1055 gold pieces at shops.

Inventory:

Hand Weapons
 j - a +3 giant spiked club of crushing
 r - a +4 antimagic great mace
 M - the +10 flail of Poirar (weapon) {elec, +Fly rElec Int+6 Stlth-}
   (You took it off a hobgoblin in a bailey)

   Occasionally, upon striking a foe, it will discharge some electrical energy
   and cause terrible harm.
   It affects your intelligence (+6).
   It insulates you from electricity.
   It lets you fly.
   It makes you less stealthy.
 Z - a +6 great mace of protection
Missiles
 C - 18 large rocks (quivered)
Armour
 b - a +0 hat (worn)
 u - a +0 cloak (worn)
 B - the +0 steam dragon scales of the Endless Expanse (worn) {Slay+5}
   (You bought it in a shop on level 4 of the Dungeon)

   It affects your accuracy and damage with ranged weapons and melee attacks
   (+5).
Jewellery
 a - a cursed ring of teleportation {unknown}
 f - a +1 ring of protection
 t - an uncursed ring of resist corrosion
 y - an uncursed amulet of the gourmand {unknown}
 E - the amulet "Gigest" (around neck) {RegenMP rElec rF+ rN+ MR+}
   (You found it on level 8 of the Dungeon)

   [amulet of magic regeneration]

   It increases your magic regeneration.
   It protects you from fire.
   It insulates you from electricity.
   It protects you from negative energy.
   It affects your resistance to hostile enchantments.
 H - the ring "Rokhaz" (left claw) {rN+ MR+ MP+9 Stlth-}
   (You found it on level 8 of the Dungeon)

   [ring of magical power]

   It protects you from negative energy.
   It affects your resistance to hostile enchantments.
   It affects your magic capacity (+9).
   It makes you less stealthy.
 I - the ring "Ciuddakhle" (right claw) {+Blink rF+ Str+6 Int+4 Dex-5}
   (You found it on level 8 of the Dungeon)

   [ring of intelligence]

   It affects your strength (+6).
   It affects your intelligence (+4).
   It affects your dexterity (-5).
   It protects you from fire.
   It lets you blink.
 N - an uncursed amulet of harm {unknown}
 V - an uncursed ring of protection from cold {unknown}
 X - an uncursed amulet of magic regeneration {unknown}
Wands
 h - a wand of polymorph (11)
 i - a wand of digging (3)
 q - a wand of paralysis (2)
 L - a wand of disintegration (12)
 P - a wand of iceblast (8)
Scrolls
 k - a scroll of magic mapping
 m - a scroll of holy word {unknown}
 n - 8 scrolls of remove curse
 v - a scroll of vulnerability
 w - 8 scrolls of teleportation
 A - 7 scrolls of torment
 F - 2 scrolls of fog
 O - 5 scrolls of fear
 S - 3 scrolls of enchant armour
 T - a scroll of blinking
 U - a scroll of noise
 W - a scroll of enchant weapon
 Y - a scroll of immolation {unknown}
Potions
 d - 6 potions of curing
 e - 2 potions of magic
 g - 4 potions of might
 l - 3 potions of degeneration
 o - 2 potions of haste
 p - a potion of lignification
 s - 4 potions of flight
 x - 2 potions of berserk rage
 z - 2 potions of brilliance
 D - a potion of invisibility
 G - a potion of cancellation
 J - 4 potions of heal wounds
 K - 2 potions of ambrosia
 Q - a potion of agility
 R - 2 potions of resistance {unknown}
Comestibles
 c - 28 rations


   Skills:
 + Level 9.8 Fighting
 * Level 19.9(19.8) Maces & Flails
 - Level 3.3(3.2) Armour
 - Level 4.3(4.2) Dodging


You had 14 spell levels left.
You didn't know any spells.
Your spell library contained the following spells:

 Spells                   Type           Power        Failure   Level  Hunger
 Animate Skeleton         Necr           N/A          30%         1    ##.....
 Apportation              Tloc           #.....       30%         1    ##.....
 Corona                   Hex            #......      30%         1    ##.....
 Flame Tongue             Conj/Fire      #....        30%         1    ##.....
 Pain                     Necr           #...         30%         1    ##.....
 Summon Butterflies       Summ           #.......     30%         1    ##.....
 Ensorcelled Hibernation  Hex/Ice        #.....       43%         2    ###....
 Slow                     Hex            #.......     43%         2    ###....
 Throw Flame              Conj/Fire      #.....       43%         2    ###....
 Confuse                  Hex            #.......     67%         3    ####...
 Conjure Flame            Conj/Fire      #.......     67%         3    ####...
 Dazzling Spray           Conj/Hex       #.....       67%         3    ####...
 Inner Flame              Hex/Fire       #.......     67%         3    ####...
 Lesser Beckoning         Tloc           #.........   67%         3    ####...
 Portal Projectile        Hex/Tloc       #.....       67%         3    ####...
 Regeneration             Chrm/Necr      #.........   67%         3    ####...
 Tukima's Dance           Hex            #.......     67%         3    ####...
 Vampiric Draining        Necr           #.........   67%         3    ####...
 Animate Dead             Necr           N/A          97%         4    #####..
 Cause Fear               Hex            #.........   97%         4    #####..
 Leda's Liquefaction      Hex/Erth       #.........   97%         4    #####..
 Sticky Flame             Conj/Fire      #.......     97%         4    #####..
 Alistair's Intoxication  Tmut/Pois      #.......     100%        5    ######.
 Borgnjor's Vile Clutch   Necr/Erth      #.........   100%        5    ######.
 Fireball                 Conj/Fire      #.........   100%        5    ######.
 Silence                  Hex/Air        #.........   100%        5    ######.
 Darkness                 Hex            #.........   100%        6    #######
 Invisibility             Hex            #.......     100%        6    #######
 Shadow Creatures         Summ           N/A          100%        6    #######


Dungeon Overview and Level Annotations

Branches:
Dungeon (14/15)            Temple (0/1) D:4            Lair (5/6) D:11
 Shoals (0/4) Lair:2       Spider (0/4) Lair:2          Orc (0/2) D:10
 Vaults (0/5) D:14
  Slime: Lair:5-6

Altars:
Gozag
Nemelex Xobeh
Wu Jian
Beogh

Shops:
D:4 *([!   D:9 [(*!*   D:10 =

Annotations:
D:9 3 runed translucent doors, bmj180's ghost, novice MiFi


Innate Abilities, Weirdness & Mutations

You are too large for most types of armour.
You have claws for hands.
Your metabolism is lightning-fast.
You like to eat raw meat.
Your natural rate of healing is unusually fast.
You are covered in fur. (AC +1)
You have extremely tough skin. (AC +3)


Message History

You feel sick. The wraith barely misses you.
The seven-headed hydra barely misses you.
The seven-headed hydra bites you!
* * * LOW HITPOINT WARNING * * *
The seven-headed hydra bites you.
* * * LOW HITPOINT WARNING * * *
The seven-headed hydra barely misses you.
The seven-headed hydra bites you.
* * * LOW HITPOINT WARNING * * *
The seven-headed hydra bites you but does no damage.
The seven-headed hydra bites you!
* * * LOW HITPOINT WARNING * * *
The porcupine bites you but does no damage.
The water moccasin barely misses you. The spiny frog stings you!
* * * LOW HITPOINT WARNING * * *
Unknown command.
* * * LOW HITPOINT WARNING * * *
You feel very sick. The wraith closely misses you.
The water moccasin bites you.
You die...

....... ###.... .
........#...#... .
.....>........... .
..................
.
...................
.
...........W.......
.
..........D.F..#...
.
..........W.W#.....
.
.........PS@r......
.
...................
.
..................#
.
>......$...........
.
...................
.
...................
.
.............#.....
.
.............P.....
.
.............P.....


You could see a seven-headed hydra, a spiny frog, 3 wraiths, a water moccasin
and a porcupine.

Vanquished Creatures
  Rupert (D:13)
  Gastronok (D:9)
  An orc warlord (Bailey)
  Nessos (D:14)
  Josephine (Lair:5)
  Erolcha (D:9)
  Fannar (D:12)
  A hydra (Lair:3)
  An ice dragon (Lair:3)
  A centaur warrior (D:13)
  6 two-headed ogres
  A tengu warrior (D:14)
  Urug (Lair:4)
  An unseen horror (D:13)
  A wizard (D:14)
  2 orc knights
  3 cyclopes
  A salamander (Volcano)
  2 manticores (D:13)
  2 ugly things
  A black mamba (Lair:5)
  Joseph (D:9)
  8 spiny frogs
  4 gargoyles
  5 komodo dragons
  An efreet (D:14)
  2 rime drakes
  A tengu conjurer (D:14)
  3 trolls
  A polar bear (Lair:3)
  4 slime creatures (D:13)
  13 hippogriffs
  13 blink frogs
  A shadow (D:14)
  2 wyverns (Lair:3)
  3 wraiths
  2 basilisks
  17 humans
  4 hogs (D:8)
  A hungry ghost (D:5)
  3 fire bats (Volcano)
  17 yaks
  3 steam dragons
  Grum (D:9)
  7 water moccasins
  Duvessa (D:5)
  A soldier ant (D:8)
  An acid dragon (D:13)
  10 porcupines
  2 ice beasts
  3 black bears
  A sky beast (D:6)
  19 orc warriors
  2 phantoms
  A necrophage (D:8)
  10 ogres
  14 wolves
  8 centaurs
  4 crocodiles
  A big kobold (D:12)
  15 bullfrogs
  A wyvern zombie (D:9)
  A water moccasin zombie (D:7)
  A wyvern skeleton (D:6)
  6 scorpions
  9 killer bees
  18 wights
  An electric eel (Lair:3)
  5 crimson imps
  A quasit (D:14)
  2 bullfrog zombies
  2 centaur zombies
  6 hounds
  4 jellies
  6 orc priests
  4 bullfrog skeletons
  14 orc wizards
  4 centaur skeletons
  Ijyb (D:3)
  Terence (D:3)
  3 iguanas
  5 hell rats (Lair:2)
  12 worker ants
  A killer bee zombie (D:8)
  A hound zombie (D:9)
  26 gnolls
  A river rat (Lair:2)
  9 adders
  6 shadow imps
  An ooze (D:3)
  An adder skeleton (D:4)
  A worm (D:4)
  7 leopard geckos
  71 orcs
  A ball python (D:4)
  9 bats
  6 giant cockroaches
  18 goblins
  23 hobgoblins
  16 jackals
  6 quokkas
  A frilled lizard (D:4)
  A jackal skeleton (D:4)
  9 kobolds
  3 leopard gecko skeletons
  A leopard gecko zombie (D:6)
  A quokka skeleton (D:4)
  10 rats
  A bush (D:6)
579 creatures vanquished.

Vanquished Creatures (collateral kills)
  Frances (D:12)
  An orc (D:7)
2 creatures vanquished.

Vanquished Creatures (others)
  A spiny frog (Lair:4)
  A sky beast (D:13)
  A centaur (Volcano)
  A killer bee (D:7)
  An adder (Lair:4)
  4 fungi (D:11)
9 creatures vanquished.

Grand Total: 590 creatures vanquished

Notes
Turn   | Place    | Note
-------+----------+-------------------------------------------
     0 | D:1      | HEYYEYAAE the Troll Berserker began the quest for the Orb.
     0 | D:1      | Reached XP level 1. HP: 22/22 MP: 0/0
    81 | D:1      | Reached skill level 3 in Maces & Flails
    95 | D:1      | Reached XP level 2. HP: 18/29 MP: 1/1
   793 | D:2      | Reached XP level 3. HP: 23/36 MP: 2/2
   845 | D:2      | Reached ** piety under Trog
   918 | D:2      | Reached skill level 4 in Maces & Flails
   924 | D:2      | Found an ornate altar of the Wu Jian Council.
  1432 | D:3      | Noticed Ijyb
  1444 | D:3      | Killed Ijyb
  1444 | D:3      | Reached XP level 4. HP: 44/44 MP: 3/3
  1536 | D:3      | Reached skill level 5 in Maces & Flails
  1617 | D:3      | Reached XP level 5. HP: 46/50 MP: 4/4
  1895 | D:3      | Noticed Terence
  1916 | D:3      | Killed Terence
  2020 | D:4      | Found Wifubuf's Distillery.
  2040 | D:4      | Noticed an ogre
  2044 | D:4      | Killed an ogre
  2044 | D:4      | Reached skill level 6 in Maces & Flails
  2044 | D:4      | Reached XP level 6. HP: 59/59 MP: 5/5
  2085 | D:4      | Bought a potion of curing for 42 gold pieces
  2085 | D:4      | Bought 2 potions of flight for 84 gold pieces
  2366 | D:4      | Found a staircase to the Ecumenical Temple.
  2387 | D:4      | Reached skill level 7 in Maces & Flails
  2388 | D:4      | Found Saen's Assorted Antiques.
  2495 | D:4      | Reached *** piety under Trog
  2495 | D:4      | Reached XP level 7. HP: 50/66 MP: 6/6
  2607 | D:4      | Found Oploc's Armour Boutique.
  2632 | D:4      | Found Xinewnuuch's Antique Weapon Emporium.
  2689 | D:5      | Entered Level 5 of the Dungeon
  2706 | D:5      | Noticed Duvessa
  2725 | D:5      | Killed Duvessa
  2725 | D:5      | Reached skill level 8 in Maces & Flails
  2726 | D:5      | Noticed Dowan
  2819 | D:5      | Noticed Dowan
  2819 | D:5      | Dowan changed into Dowan the steam dragon
  2830 | D:5      | Killed Dowan the steam dragon
  3063 | D:5      | Reached skill level 9 in Maces & Flails
  3063 | D:5      | Reached XP level 8. HP: 74/74 MP: 7/7
  3338 | D:5      | Found a sparkling altar of Nemelex Xobeh.
  3442 | D:5      | Reached skill level 10 in Maces & Flails
  4460 | D:7      | Reached **** piety under Trog
  4517 | D:7      | Reached skill level 11 in Maces & Flails
  4517 | D:7      | Reached XP level 9. HP: 80/80 MP: 8/8
  4529 | D:7      | Lost intelligence.
  4610 | D:7      | Lost intelligence.
  4634 | D:7      | Found a sand-covered staircase.
  4686 | D:7      | Found Xughokic's Distillery.
  5622 | D:8      | Reached skill level 12 in Maces & Flails
  5654 | D:8      | HP: 1/80 [centaur/arrow (8)]
  5809 | D:8      | Reached skill level 13 in Maces & Flails
  5872 | D:8      | Reached XP level 10. HP: 66/88 MP: 9/9
  5938 | D:8      | Got a wavering golden amulet
  5950 | D:8      | Noticed a cyclops
  5952 | D:8      | Killed a cyclops
  5958 | D:8      | Identified the cursed ring of Ohoungar {MR+ Dex-3}
  5987 | D:8      | Identified the amulet "Gigest" {RegenMP rElec rF+ rN+ MR+}
                  | (You found it on level 8 of the Dungeon)
  6121 | D:8      | Noticed a cyclops
  6153 | D:8      | Killed a cyclops
  6153 | D:8      | Reached skill level 14 in Maces & Flails
  6293 | D:8      | Got an ancient ivory ring
  6300 | D:8      | Got a vibrating ivory ring
  6379 | D:8      | Identified the ring "Rokhaz" {rN+ MR+ MP+9 Stlth-} (You
                  | found it on level 8 of the Dungeon)
  6380 | D:8      | Identified the ring "Ciuddakhle" {+Blink rF+ Str+6 Int+4
                  | Dex-5} (You found it on level 8 of the Dungeon)
  6416 | D:9      | Found a runed translucent gate.
  6416 | D:9      | Found an opulent altar of Gozag.
  6417 | D:9      | Found a runed translucent gate.
  6417 | D:9      | Found a runed translucent gate.
  6417 | D:9      | Found Kodwotou's Assorted Antiques.
  6417 | D:9      | Noticed a deep elf mage
  6417 | D:9      | Noticed an ogre mage
  6417 | D:9      | Noticed bmj180's ghost (novice MiFi)
  6490 | D:9      | Found Neoxang's Antique Weapon Emporium.
  6598 | D:9      | Noticed Gastronok
  6599 | D:9      | Noticed Joseph
  6741 | D:9      | Noticed Grum
  6855 | D:9      | Killed Grum
  7041 | D:9      | Killed Joseph
  7119 | D:9      | Found Cieme's General Store.
  7127 | D:9      | Bought a scroll of teleportation for 39 gold pieces
  7132 | D:9      | Found Dinaram's Distillery.
  7135 | D:9      | Bought a potion of heal wounds for 50 gold pieces
  7135 | D:9      | Bought 2 potions of ambrosia for 160 gold pieces
  7335 | D:9      | Found Cidit's Armour Emporium.
  7340 | D:9      | Noticed Erolcha
  7353 | D:9      | Killed Erolcha
  7353 | D:9      | Reached skill level 15 in Maces & Flails
  7353 | D:9      | Reached XP level 11. HP: 54/94 MP: 10/10
  7540 | D:9      | Killed Gastronok
  7578 | D:10     | Entered Level 10 of the Dungeon
  7590 | D:10     | Found Raw Tis's Jewellery Shoppe.
  7656 | D:10     | Found a sparkling altar of Nemelex Xobeh.
  7855 | D:10     | Received a gift from Trog
  8011 | D:10     | Found a staircase to the Orcish Mines.
  8019 | D:10     | Found a roughly hewn altar of Beogh.
  8042 | D:10     | Reached ***** piety under Trog
  8303 | D:11     | Found a staircase to the Lair.
  8402 | D:11     | Reached skill level 16 in Maces & Flails
  8408 | D:11     | Noticed a two-headed ogre
  8412 | D:11     | Killed a two-headed ogre
  8684 | D:11     | Found a roughly hewn altar of Beogh.
  8752 | D:11     | Found a flagged portal.
  8761 | Bailey   | Entered a bailey
  8923 | Bailey   | Received a gift from Trog
  8972 | Bailey   | Noticed an orc knight
  8989 | Bailey   | Killed an orc knight
  9013 | Bailey   | Identified the +10 plate armour "Biqunicw" {-Tele Str+8}
  9117 | Bailey   | Identified the +10 flail of Poirar {elec, +Fly rElec Int+6
                  | Stlth-}
  9157 | Bailey   | Noticed an orc warlord
  9174 | Bailey   | Killed an orc warlord
  9174 | Bailey   | Reached XP level 12. HP: 110/110 MP: 11/11
  9532 | D:11     | Reached skill level 5 in Fighting
  9728 | D:11     | Reached ****** piety under Trog
  9967 | D:12     | Noticed Frances
 10307 | D:12     | Killed Frances
 10425 | D:12     | Reached skill level 17 in Maces & Flails
 10452 | D:12     | Noticed Fannar
 10471 | D:12     | Killed Fannar
 10914 | D:13     | Noticed Rupert
 11092 | D:14     | Noticed a tengu warrior
 11112 | D:14     | Killed a tengu warrior
 11140 | D:14     | Noticed Nessos
 11160 | D:14     | Killed Nessos
 11171 | D:14     | Received a gift from Trog
 11236 | D:14     | Noticed a two-headed ogre
 11245 | D:14     | Killed a two-headed ogre
 11304 | D:14     | Reached skill level 18 in Maces & Flails
 11304 | D:14     | Reached XP level 13. HP: 124/124 MP: 12/12
 11305 | D:14     | Reached XP level 14. HP: 135/135 MP: 13/13
 11332 | D:14     | Found a gate to the Vaults.
 11880 | D:13     | Reached XP level 15. HP: 143/143 MP: 14/14
 12404 | D:13     | Killed Rupert
 12860 | D:4      | Bought the +0 steam dragon scales of the Endless Expanse
                  | {Slay+5} for 680 gold pieces
 13014 | Lair:1   | Entered Level 1 of the Lair of Beasts
 13016 | Lair:1   | Reached skill level 19 in Maces & Flails
 13256 | Lair:1   | Received a gift from Trog
 13818 | Lair:2   | Found a staircase to the Shoals.
 13971 | Lair:2   | Found a hole to the Spider Nest.
 15096 | Lair:3   | Received a gift from Trog
 15499 | Lair:4   | Noticed Urug
 15514 | Lair:4   | Killed Urug
 15560 | Lair:4   | Identified a scroll of acquirement
 15717 | Lair:4   | Found a dark tunnel.
 15732 | Volcano  | Entered a volcano
 16059 | Lair:4   | Received a gift from Trog
 16658 | Lair:5   | Noticed Josephine
 16670 | Lair:5   | Killed Josephine
 16670 | Lair:5   | HP: 5/223 [spiny frog (14)]
 16671 | Lair:5   | Slain by a water moccasin

Skill      XL: |  1  2  3  4  5  6  7  8  9 10 11 12 13 14 15 |
---------------+----------------------------------------------+-----
Maces & Flails | 3 4 5 6 7 9 11 13 15 16 18 19 | 19.9
Fighting       | 4 7 8 9 |  9.8
Armour         | 2 3 |  3.3
Dodging        | 3 4 |  4.3

Action                   |  1- 3 |  4- 6 |  7- 9 | 10-12 | 13-15 || total
-------------------------+-------+-------+-------+-------+-------++-------
Melee: Mace              |   118 |   138 |   430 |   360 |       ||  1046
       Unarmed           |     3 |     1 |       |       |       ||     4
       Giant club        |       |       |    19 |   214 |       ||   233
       Flail             |       |       |       |   247 |   466 ||   713
Throw: Large rock        |       |       |       |     4 |       ||     4
Invok: Berserk           |     1 |     5 |    14 |    18 |    11 ||    49
       Trog's Hand       |       |       |     5 |     1 |       ||     6
       Brothers in Arms  |       |       |     1 |     3 |       ||     4
Evoke: Wand              |       |       |     9 |    24 |    13 ||    46
  Use: Scroll            |       |       |    10 |    20 |     9 ||    39
       Potion            |       |       |     8 |     2 |     2 ||    12
 Stab: Sleeping          |       |       |     1 |       |       ||     1
       Invisible         |       |       |     3 |       |       ||     3
       Paralysed         |       |       |       |    16 |     2 ||    18
  Eat: Chunk             |    14 |    16 |    54 |    62 |    65 ||   211
       Ration            |     1 |       |     3 |       |       ||     4
Armor: Animal skin       |    60 |    75 |   189 |    16 |       ||   340
       Skin              |     1 |       |    26 |       |       ||    27
       Troll leather arm |       |       |       |   263 |    66 ||   329
       Steam dragon scal |       |       |       |       |   120 ||   120
Dodge: Dodged            |    83 |   103 |   237 |   315 |   235 ||   973
